[Event "K11"]
[Site "?"]
[Date "2025.07.31"]
[Round "8"]
[White "Lebeda, Frantisek"]
[Black "Plesnivy, Martin"]
[Result "1-0"]
[ECO "D44"]
[WhiteElo "1857"]
[BlackElo "1801"]
[Annotator ",martin-koller@seznam"]
[PlyCount "53"]
[TimeControl "240+2"]

{600MB, Fritz10.ctg} 1. c4 e6 2. d4 d5 3. Nc3 Nf6 4. Nf3 c6 5. Bg5 dxc4 6. a4
Bb4 7. e3 Qa5 8. Bxf6 Bxc3+ 9. bxc3 Qxc3+ 10. Nd2 gxf6 11. Bxc4 Nd7 12. O-O b6
13. Rc1 Qb4 14. f4 f5 15. e4 fxe4 16. Nxe4 Bb7 17. f5 O-O-O 18. Rb1 Qe7 19. f6
Qa3 20. Rf3 Qf8 21. Qe2 Nb8 22. a5 Rxd4 23. axb6 axb6 24. Rxb6 Nd7 25. Rxb7
Kxb7 26. Qb2+ Nb6 27. Qxd4 1-0

[Event "K11"]
[Site "?"]
[Date "2025.07.31"]
[Round "8"]
[White "Schimmer, Michael"]
[Black "Spindler, Markus"]
[Result "1-0"]
[ECO "B80"]
[WhiteElo "1819"]
[BlackElo "1883"]
[Annotator ",martin-koller@seznam"]
[PlyCount "87"]
[TimeControl "240+2"]

{600MB, Fritz10.ctg} 1. e4 c5 2. Nf3 d6 3. d4 cxd4 4. Nxd4 Nf6 5. Nc3 a6 6. f3
e6 7. Be3 Be7 8. Qd2 Nc6 9. O-O-O Qc7 10. g4 h6 11. h4 Bd7 12. Kb1 O-O-O 13.
Nb3 Ne5 14. Qf2 Rde8 15. Bb6 Qb8 16. Qd4 Bd8 17. Bxd8 Rxd8 18. Be2 Bc6 19. Na4
Bxa4 20. Qxa4 Qc7 21. f4 Nc6 22. Rd3 Kb8 23. Rhd1 Rd7 24. g5 hxg5 25. hxg5 Ne8
26. Nc5 Re7 27. Nxa6+ bxa6 28. Rb3+ Ka8 29. Bxa6 Na7 30. Rb7 Qxb7 31. Bxb7+
Rxb7 32. a3 Kb8 33. e5 Nb5 34. Ka1 d5 35. c4 Nbc7 36. c5 Rh3 37. Qd7 Rhb3 38.
Rd2 f6 39. gxf6 gxf6 40. exf6 Nxf6 41. Qd8+ Ka7 42. Qxf6 R7b5 43. Qe7 Kb7 44.
Rh2 1-0

[Event "K11"]
[Site "?"]
[Date "2025.07.31"]
[Round "8"]
[White "Vesely, Jaromir"]
[Black "Dome, Michal"]
[Result "0-1"]
[ECO "D21"]
[WhiteElo "1924"]
[BlackElo "1963"]
[Annotator ",martin-koller@seznam"]
[PlyCount "88"]
[TimeControl "240+2"]

{600MB, Fritz10.ctg} 1. d4 d5 2. c4 dxc4 3. Nc3 a6 4. Nf3 b5 5. e3 Bb7 6. a4 c6
7. Ne5 Nd7 8. f4 Ngf6 9. g4 e6 10. Bg2 Nd5 11. g5 Nxe5 12. fxe5 Qxg5 13. O-O
Nxe3 14. Bxe3 Qxe3+ 15. Kh1 b4 16. Rf3 Qh6 17. Rh3 Qg5 18. Ne4 Qd8 19. Qg1 Qc7
20. Rf1 O-O-O 21. Ng5 Rd7 22. Rhf3 Be7 23. Nxf7 Re8 24. Rg3 g6 25. Rh3 h5 26.
Bf3 Bc5 27. Nd6+ Bxd6 28. exd6 Rxd6 29. Qxg6 Red8 30. Rxh5 Kb8 31. Rh4 e5 32.
Qf5 Rxd4 33. Rh7 R4d7 34. Rxd7 Qxd7 35. Qxe5+ Ka8 36. Qc5 Qd3 37. Bg2 c3 38.
bxc3 bxc3 39. Rg1 Qd4 40. Qg5 c2 41. Bf3 Qd3 42. Kg2 Rf8 43. Rf1 Rxf3 44. Rxf3
c5 0-1

[Event "K12"]
[Site "?"]
[Date "2025.07.31"]
[Round "8"]
[White "Rull, Michael"]
[Black "Macha, Vaclav"]
[Result "1/2-1/2"]
[ECO "C01"]
[WhiteElo "1846"]
[BlackElo "1875"]
[Annotator ",martin-koller@seznam"]
[PlyCount "44"]
[TimeControl "240+2"]

{600MB, Fritz10.ctg} 1. e4 e6 2. d4 d5 3. exd5 exd5 4. Bf4 Bd6 5. Bg3 Nf6 6.
Nc3 O-O 7. Bd3 Re8+ 8. Nge2 c6 9. O-O Bg4 10. Re1 Bxg3 11. hxg3 Nbd7 12. Qd2
Bxe2 13. Nxe2 Qb6 14. c3 Re7 15. f3 Rae8 16. Kf2 Ne5 17. Nf4 Nxd3+ 18. Nxd3 Nh5
19. Rxe7 Rxe7 20. Qg5 Nf6 21. Qf4 Kf8 22. Qd6 Qc7 1/2-1/2

[Event "K12"]
[Site "?"]
[Date "2025.07.31"]
[Round "8"]
[White "Marsalek, Lubos"]
[Black "Suchy, Ladislav"]
[Result "0-1"]
[ECO "A16"]
[WhiteElo "1906"]
[BlackElo "1852"]
[Annotator ",martin-koller@seznam"]
[PlyCount "50"]
[TimeControl "240+2"]

{600MB, Fritz10.ctg} 1. Nf3 Nf6 2. c4 d5 3. cxd5 Nxd5 4. Nc3 Nc6 5. g3 Nxc3 6.
bxc3 e5 7. d3 Be7 8. Bg2 O-O 9. O-O Be6 10. Qc2 f5 11. d4 e4 12. Nd2 Na5 13.
Nb3 Nc4 14. e3 Bd5 15. f3 exf3 16. Bxf3 Bxf3 17. Rxf3 Qd5 18. Qe2 Rae8 19. Nd2
Nxd2 20. Bxd2 Bg5 21. Raf1 c5 22. Bc1 cxd4 23. cxd4 g6 24. Qb2 Rc8 25. Qb4 Rxc1
0-1

[Event "K12"]
[Site "?"]
[Date "2025.07.31"]
[Round "8"]
[White "Feierfeil, Jiri"]
[Black "Schoenmakers, Nico"]
[Result "0-1"]
[ECO "D05"]
[WhiteElo "1738"]
[BlackElo "1856"]
[Annotator ",martin-koller@seznam"]
[PlyCount "78"]
[TimeControl "240+2"]

{600MB, Fritz10.ctg} 1. d4 d5 2. Nf3 e6 3. e3 Nf6 4. Nbd2 Be7 5. Bd3 O-O 6. O-O
c5 7. c3 cxd4 8. exd4 b6 9. Ne5 Qd6 10. f4 Ba6 11. Bxa6 Nxa6 12. Qf3 Rac8 13.
g4 Nb8 14. g5 Ne8 15. h4 f6 16. Nd3 fxg5 17. hxg5 Bxg5 18. Qg3 Bh6 19. Ne5 Nf6
20. Qh2 Ne4 21. Nxe4 dxe4 22. Be3 Rf6 23. Rf2 Rcf8 24. Raf1 Nc6 25. Ng4 Rg6 26.
Rg2 Kh8 27. Rff2 Ne7 28. Ne5 Rxg2+ 29. Qxg2 Qd5 30. c4 Qb7 31. Qh3 Nf5 32. Ng4
Qe7 33. Nxh6 gxh6 34. Rh2 Qb4 35. Rd2 Rg8+ 36. Kf2 Qxc4 37. d5 Qc1 38. Qh2 Rg3
39. dxe6 Rf3+ 0-1

[Event "K12"]
[Site "?"]
[Date "2025.07.31"]
[Round "8"]
[White "Algers, Olle"]
[Black "Korenek, Frantisek"]
[Result "0-1"]
[ECO "D37"]
[WhiteElo "1870"]
[BlackElo "1968"]
[Annotator ",martin-koller@seznam"]
[PlyCount "88"]
[TimeControl "240+2"]

{600MB, Fritz10.ctg} 1. c4 Nf6 2. Nf3 e6 3. Nc3 d5 4. e3 Be7 5. d4 O-O 6. b3
Bb4 7. Bd2 Qe7 8. Ne5 Nbd7 9. Nxd7 Bxd7 10. Be2 c6 11. O-O e5 12. dxe5 Qxe5 13.
Nxd5 Nxd5 14. cxd5 Bxd2 15. Qxd2 cxd5 16. Rfd1 Be6 17. Bf3 Rac8 18. Rac1 b6 19.
h3 g6 20. Rxc8 Rxc8 21. Bxd5 Bxd5 22. Qxd5 Qxd5 23. Rxd5 Rc1+ 24. Kh2 Rc2 25.
Kg3 Rxa2 26. Rb5 Kf8 27. Kf3 h5 28. e4 Ke7 29. h4 Ke6 30. g3 Rb2 31. Ke3 Kd6
32. Rd5+ Kc6 33. Rd3 a5 34. f4 b5 35. Kd4 a4 36. bxa4 Rb4+ 37. Ke5 Rxa4 38. Kf6
Ra7 39. e5 Kc5 40. e6 fxe6 41. Kxg6 b4 42. Re3 Ra3 43. Rxe6 b3 44. Re8 Ra6+ 0-1

[Event "K12"]
[Site "?"]
[Date "2025.07.31"]
[Round "8"]
[White "Hentzgen, Thomas"]
[Black "Svoboda, Daniel"]
[Result "1/2-1/2"]
[ECO "A05"]
[WhiteElo "1930"]
[BlackElo "1941"]
[Annotator ",martin-koller@seznam"]
[PlyCount "79"]
[TimeControl "240+2"]

{600MB, Fritz10.ctg} 1. Nf3 Nf6 2. b3 g6 3. Bb2 Bg7 4. g3 c5 5. c4 O-O 6. Bg2
Nc6 7. O-O d5 8. cxd5 Nxd5 9. Bxg7 Kxg7 10. Qc2 Qd6 11. Nc3 b6 12. Nxd5 Qxd5
13. Qb2+ f6 14. Ne5 Qxe5 15. Qxe5 fxe5 16. Bxc6 Rb8 17. Bg2 Bb7 18. d3 Bxg2 19.
Kxg2 Rbd8 20. f3 Rd4 21. Rac1 Rc8 22. Rc3 g5 23. Rfc1 h5 24. Rc4 Rxc4 25. Rxc4
Rd8 26. Kf2 Kf6 27. Ke3 Kf5 28. h4 gxh4 29. Rxh4 Kg5 30. Rc4 e6 31. f4+ Kg4 32.
Kf2 Rf8 33. f5+ Kg5 34. Re4 Rxf5+ 35. Kg2 Kf6 36. Rh4 Ke7 37. Re4 Kf6 38. Rh4
Rg5 39. Kf3 Rf5+ 40. Kg2 1/2-1/2

[Event "M11"]
[Site "?"]
[Date "2025.07.31"]
[Round "8"]
[White "Reichmann, Steffen"]
[Black "Kalisky, Vladimir"]
[Result "1/2-1/2"]
[ECO "B25"]
[WhiteElo "1996"]
[BlackElo "2133"]
[Annotator ",martin-koller@seznam"]
[PlyCount "74"]
[TimeControl "240+2"]

{600MB, Fritz10.ctg} 1. e4 c5 2. Nc3 Nc6 3. g3 g6 4. Bg2 Bg7 5. d3 d6 6. f4 e6
7. Nf3 Nge7 8. O-O b6 9. g4 h5 10. g5 d5 11. Qe2 Bb7 12. Bd2 dxe4 13. dxe4 Nd4
14. Nxd4 cxd4 15. Nb5 a6 16. e5 Bxg2 17. Nd6+ Kf8 18. Qxg2 Ra7 19. Bb4 Kg8 20.
Rfd1 Nd5 21. Rxd4 Rd7 22. Qd2 Qc7 23. Ba3 Kh7 24. c4 Ne7 25. Rd1 Rhd8 26. b3
Bf8 27. Qb2 Nf5 28. Nxf5 Bxa3 29. Qxa3 gxf5 30. Rxd7 Rxd7 31. Rxd7 Qxd7 32. Qd6
Qb7 33. Qf8 Qd7 34. Qh6+ Kg8 35. Qxh5 Qd4+ 36. Kg2 Qd2+ 37. Kg3 Qe1+ 1/2-1/2

[Event "M11"]
[Site "?"]
[Date "2025.07.31"]
[Round "8"]
[White "Silwer, Martin"]
[Black "Aubrecht, Petr"]
[Result "1/2-1/2"]
[ECO "E61"]
[WhiteElo "1989"]
[BlackElo "2015"]
[Annotator ",martin-koller@seznam"]
[PlyCount "124"]
[TimeControl "240+2"]

{600MB, Fritz10.ctg} 1. c4 Nf6 2. g3 g6 3. Bg2 Bg7 4. Nc3 O-O 5. e3 d6 6. Nge2
c5 7. b3 Nc6 8. Bb2 Rb8 9. O-O a6 10. d4 Bd7 11. Nd5 Nxd5 12. cxd5 Na7 13. Qd2
cxd4 14. Bxd4 Nb5 15. Bxg7 Kxg7 16. a4 Nc7 17. Rfc1 Ne8 18. Nd4 Nf6 19. a5 Rc8
20. Rxc8 Qxc8 21. Rc1 Qb8 22. Qb4 Rc8 23. Rc4 Rxc4 24. bxc4 Qc7 25. Nb3 Bc8 26.
c5 dxc5 27. Qxc5 Qxc5 28. Nxc5 Nd7 29. Nxd7 Bxd7 30. e4 Kf6 31. f4 e5 32. Kf2
g5 33. Ke3 h6 34. Bf3 Bc8 35. h4 exf4+ 36. gxf4 g4 37. e5+ Ke7 38. Bg2 h5 39.
Kd4 Kd7 40. Kc5 Kc7 41. Be4 g3 42. Bg2 Bd7 43. Kd4 b5 44. axb6+ Kxb6 45. Ke3
Bg4 46. Be4 a5 47. f5 Kc7 48. Kf4 a4 49. Kxg3 a3 50. Bb1 Bxf5 51. Ba2 Kd7 52.
Kf4 Bg4 53. Kg5 Ke7 54. Bb3 Bd1 55. Ba2 Bg4 56. Kf4 f6 57. d6+ Kd7 58. exf6
Kxd6 59. f7 Ke7 60. Kg5 Kf8 61. Kg6 Bd1 62. Kf6 Bc2 1/2-1/2

[Event "M11"]
[Site "?"]
[Date "2025.08.01"]
[Round "9"]
[White "Aubrecht, Petr"]
[Black "Hartwig, Maik"]
[Result "1-0"]
[ECO "A01"]
[WhiteElo "2015"]
[BlackElo "1970"]
[Annotator ",martin-koller@seznam"]
[PlyCount "47"]
[TimeControl "240+2"]

{600MB, Fritz10.ctg} 1. b3 e5 2. Bb2 Nc6 3. e3 d6 4. Nf3 Bg4 5. Be2 f5 6. c4
Nf6 7. d4 e4 8. Ng5 Bxe2 9. Qxe2 Qe7 10. d5 Nd8 11. Nh3 h6 12. Nf4 Rg8 13. h4
g5 14. hxg5 hxg5 15. Nh5 Nxh5 16. Qxh5+ Nf7 17. Qh7 Ne5 18. Qxg8 Nd3+ 19. Kd2
Nxb2 20. Rh7 Qf6 21. Qe6+ Qxe6 22. dxe6 Nd3 23. Nc3 c6 24. g4 1-0

[Event "M11"]
[Site "?"]
[Date "2025.08.01"]
[Round "9"]
[White "Schaefer, Martin"]
[Black "Tornberg, Carlos"]
[Result "1/2-1/2"]
[ECO "A60"]
[WhiteElo "1983"]
[BlackElo "2164"]
[Annotator ",martin-koller@seznam"]
[PlyCount "68"]
[TimeControl "240+2"]

{600MB, Fritz10.ctg} 1. d4 Nf6 2. c4 e6 3. g3 c5 4. d5 exd5 5. cxd5 d6 6. Bg2
b5 7. a4 b4 8. b3 g6 9. Bb2 Bg7 10. Nd2 O-O 11. e4 Re8 12. Ne2 Ba6 13. O-O Nxe4
14. Bxg7 Bxe2 15. Qxe2 Nxd2 16. Qxd2 Kxg7 17. h4 h5 18. Rfe1 Rxe1+ 19. Rxe1 Nd7
20. Bh3 Ne5 21. Qe2 Qf6 22. Kg2 Rd8 23. f4 Nd7 24. Qe7 Nb6 25. Kh2 a5 26. Qb7
Na8 27. Re7 Rf8 28. Be6 Nb6 29. Rc7 Kg8 30. Rxf7 Rxf7 31. Qxb6 Qb2+ 32. Kh3 Qb1
33. Kh2 Qc2+ 34. Kh3 Qe4 1/2-1/2

[Event "M11"]
[Site "?"]
[Date "2025.08.01"]
[Round "9"]
[White "Feldheim, Jonas"]
[Black "Karlsson, Marcus"]
[Result "1-0"]
[ECO "B15"]
[WhiteElo "2118"]
[BlackElo "2006"]
[Annotator ",martin-koller@seznam"]
[PlyCount "95"]
[TimeControl "240+2"]

{600MB, Fritz10.ctg} 1. e4 c6 2. d4 d5 3. Nc3 dxe4 4. Nxe4 Nf6 5. Nxf6+ exf6 6.
Bc4 Bd6 7. Qe2+ Qe7 8. Qxe7+ Kxe7 9. Bd3 Re8 10. Ne2 Nd7 11. Bf4 Nf8 12. O-O-O
Bg4 13. Rhe1 Kd7 14. Bxd6 Kxd6 15. f3 Be6 16. Nf4 g6 17. d5 cxd5 18. Be4 Kc6
19. Nxd5 f5 20. Nb4+ Kb5 21. Bxb7 Kxb4 22. Bxa8 Rxa8 23. Rd4+ Kc5 24. Red1 Kc6
25. Rd8 Rxd8 26. Rxd8 Nd7 27. b3 Kc7 28. Rh8 Nf6 29. Kd2 h5 30. c4 Nd7 31. Ke3
Nb8 32. Kf4 Na6 33. Ra8 Kb7 34. Rd8 Nb4 35. Rd2 a5 36. Kg5 Kc7 37. h4 Na6 38.
Kf6 Nc5 39. Ke7 Nb7 40. a3 Nc5 41. b4 Nb3 42. Rd3 a4 43. c5 Na1 44. Rc3 Bb3 45.
b5 Nc2 46. c6 Nxa3 47. b6+ Kc8 48. Rd3 1-0

[Event "M11"]
[Site "?"]
[Date "2025.08.01"]
[Round "9"]
[White "Kalisky, Vladimir"]
[Black "Silwer, Martin"]
[Result "1-0"]
[ECO "B07"]
[WhiteElo "2133"]
[BlackElo "1989"]
[Annotator ",martin-koller@seznam"]
[PlyCount "89"]
[TimeControl "240+2"]

{600MB, Fritz10.ctg} 1. e4 g6 2. d4 Bg7 3. Nf3 d6 4. Bd3 Nf6 5. O-O O-O 6. Re1
Bg4 7. h3 Bxf3 8. Qxf3 e5 9. dxe5 dxe5 10. a4 a5 11. Be3 Qe7 12. Nd2 Na6 13.
Nb3 b6 14. c3 Nd7 15. Bxa6 Rxa6 16. Qe2 Raa8 17. Qc4 Rac8 18. Rad1 Rfd8 19. Rd3
Nf8 20. Red1 Rxd3 21. Rxd3 Rd8 22. Nd2 Ne6 23. Rxd8+ Qxd8 24. Qd5 Qe8 25. b3 f5
26. Nf3 Qf7 27. exf5 gxf5 28. Nxe5 Bxe5 29. Qxe5 f4 30. Bd4 Kf8 31. b4 axb4 32.
cxb4 Ke7 33. a5 Qg6 34. Kh2 Qb1 35. Qf6+ Kd6 36. Be5+ Kd5 37. Bxf4 Nxf4 38.
Qxf4 bxa5 39. bxa5 c5 40. a6 Qb6 41. Qf3+ Kd6 42. Qd3+ Kc6 43. Qxh7 c4 44. a7
Qb7 45. Qe4+ 1-0

[Event "M11"]
[Site "?"]
[Date "2025.08.01"]
[Round "9"]
[White "Hanl, Frantisek"]
[Black "Reichmann, Steffen"]
[Result "1/2-1/2"]
[ECO "A01"]
[WhiteElo "2136"]
[BlackElo "1996"]
[Annotator ",martin-koller@seznam"]
[PlyCount "129"]
[TimeControl "240+2"]

{600MB, Fritz10.ctg} 1. b3 e5 2. Bb2 Nc6 3. e3 Nf6 4. Bb5 d6 5. d4 Bd7 6. c4 a6
7. Bxc6 Bxc6 8. d5 Bd7 9. Ne2 Qe7 10. Nbc3 g6 11. O-O Bg7 12. Ng3 h5 13. Qd2 h4
14. Nge4 Nxe4 15. Nxe4 f5 16. Nc3 O-O-O 17. b4 f4 18. exf4 exf4 19. Rfe1 Qf7
20. Ne4 Bxb2 21. Qxb2 h3 22. Qd4 Kb8 23. g3 fxg3 24. fxg3 Qf3 25. Qf2 Rhf8 26.
Re3 Qh5 27. Qb2 Bg4 28. b5 a5 29. b6 c5 30. dxc6 bxc6 31. Qg7 Bd7 32. Qe7 Qe5
33. Qxd6+ Qxd6 34. Nxd6 c5 35. Rf1 Bc6 36. Rxf8 Rxf8 37. Re6 Bg2 38. Re8+ Rxe8
39. Nxe8 Kb7 40. Kf2 Kxb6 41. Nf6 Kc6 42. Ng4 Kd6 43. Ke2 Ke6 44. a3 Kf5 45.
Nf2 Ke5 46. Ke3 Bf1 47. g4 Bxc4 48. Nxh3 Be6 49. Nf2 c4 50. h4 Bd5 51. h5 gxh5
52. gxh5 Bg8 53. Ne4 Bf7 54. h6 Bg6 55. Nc5 Kd5 56. Nd7 c3 57. Nf8 Bf5 58. h7
Bxh7 59. Nxh7 Kc4 60. Ng5 Kb3 61. Ne6 c2 62. Nd4+ Kb2 63. Nxc2 Kxc2 64. a4 Kb3
65. Kd2 1/2-1/2

[Event "K11"]
[Site "?"]
[Date "2025.08.01"]
[Round "9"]
[White "Dome, Michael"]
[Black "Lebeda, Frantisek"]
[Result "0-1"]
[ECO "A45"]
[WhiteElo "1963"]
[BlackElo "1857"]
[Annotator ",martin-koller@seznam"]
[PlyCount "68"]
[TimeControl "240+2"]

{600MB, Fritz10.ctg} 1. d4 Nf6 2. Bg5 c5 3. d5 Qb6 4. Bc1 d6 5. Nc3 g6 6. e4
Bg7 7. Bb5+ Nbd7 8. a4 a6 9. Be2 O-O 10. Nf3 Qc7 11. O-O b6 12. Bc4 Ng4 13. Nd2
Nge5 14. Be2 g5 15. Kh1 Ng6 16. Nc4 h6 17. Ne3 e6 18. dxe6 fxe6 19. Nc4 Be5 20.
Nxe5 Ndxe5 21. g3 Bb7 22. Kg1 Kh7 23. f3 Rad8 24. Ra2 d5 25. exd5 exd5 26. Nb1
d4 27. Bd3 c4 28. Be4 Bxe4 29. fxe4 Qc6 30. h4 Qxe4 31. hxg5 Rxf1+ 32. Qxf1 Rf8
33. Bf4 Nxf4 34. gxf4 Rxf4 0-1

[Event "K11"]
[Site "?"]
[Date "2025.08.01"]
[Round "9"]
[White "Smisek, Robin"]
[Black "Schimmer, Michael"]
[Result "1/2-1/2"]
[ECO "E24"]
[WhiteElo "1823"]
[BlackElo "1819"]
[Annotator ",martin-koller@seznam"]
[PlyCount "43"]
[TimeControl "240+2"]

{600MB, Fritz10.ctg} 1. d4 Nf6 2. c4 e6 3. Nc3 Bb4 4. a3 Bxc3+ 5. bxc3 c5 6.
Nf3 b6 7. Bf4 Ne4 8. Qc2 f5 9. Nd2 Bb7 10. f3 Nxd2 11. Qxd2 d5 12. e3 O-O 13.
Bd3 Qe7 14. O-O Nd7 15. cxd5 exd5 16. a4 Rac8 17. Rfb1 c4 18. Bc2 Bc6 19. a5 b5
20. Re1 a6 21. Re2 Rce8 22. Kh1 1/2-1/2

[Event "K11"]
[Site "?"]
[Date "2025.08.01"]
[Round "9"]
[White "Plesnivy, Martin"]
[Black "Melerowicz, Thomas"]
[Result "1/2-1/2"]
[ECO "B01"]
[WhiteElo "1801"]
[BlackElo "1979"]
[Annotator ",martin-koller@seznam"]
[PlyCount "59"]
[TimeControl "240+2"]

{600MB, Fritz10.ctg} 1. e4 d5 2. e5 Bf5 3. d4 e6 4. h4 h6 5. Bd3 Bxd3 6. Qxd3
c5 7. c3 Nc6 8. Ne2 cxd4 9. cxd4 Nb4 10. Qd1 Qc7 11. Nbc3 Qc4 12. O-O Be7 13.
g3 g5 14. hxg5 hxg5 15. Kg2 Qd3 16. Qa4+ Kf8 17. Bxg5 Nc6 18. Bxe7+ Ngxe7 19.
Rad1 Qf5 20. Rh1 Kg7 21. Nf4 Ng6 22. Nxg6 fxg6 23. f4 a6 24. a3 b5 25. Qb3 Na5
26. Qb4 Nc6 27. Qc5 Rxh1 28. Rxh1 Qc2+ 29. Kg1 Qc1+ 30. Kg2 1/2-1/2

[Event "K11"]
[Site "?"]
[Date "2025.08.01"]
[Round "9"]
[White "Spindler, Markus"]
[Black "Vesely, Jaromir"]
[Result "1/2-1/2"]
[ECO "C01"]
[WhiteElo "1883"]
[BlackElo "1924"]
[Annotator ",martin-koller@seznam"]
[PlyCount "119"]
[TimeControl "240+2"]

{600MB, Fritz10.ctg} 1. e4 e6 2. d4 d5 3. exd5 exd5 4. Bd3 f5 5. Nf3 Nf6 6. O-O
Be7 7. Bf4 O-O 8. Nc3 c6 9. Re1 Ne4 10. Ne5 Nd7 11. f3 Nxe5 12. Bxe5 Nd6 13.
Ne2 Nf7 14. f4 Be6 15. c3 Nd6 16. Ng3 Ne4 17. Re3 Bd6 18. Rf3 Bxe5 19. dxe5
Qb6+ 20. Kf1 Qxb2 21. Bxe4 dxe4 22. Rb1 Qa3 23. Re3 Rad8 24. Qe1 b5 25. Nh5
Qxa2 26. Rg3 Rf7 27. Rd1 Rxd1 28. Qxd1 Bc4+ 29. Kg1 Bd3 30. h3 Qb1 31. Qxb1
Bxb1 32. Nf6+ Kh8 33. Ne8 Re7 34. Nd6 g6 35. h4 Ba2 36. h5 Bf7 37. Nxf7+ Rxf7
38. hxg6 Rg7 39. e6 hxg6 40. e7 Rxe7 41. Rxg6 c5 42. Rc6 e3 43. Kf1 Re4 44.
Rxc5 Rxf4+ 45. Ke2 a6 46. Kxe3 Re4+ 47. Kd3 Rf4 48. Ke3 Rf1 49. Rc6 Ra1 50. Rf6
Ra3 51. Kd4 Ra4+ 52. Ke3 f4+ 53. Rxf4 Rxf4 54. Kxf4 a5 55. Ke3 a4 56. Kd2 Kg7
57. Kc2 Kf6 58. Kb2 Kf5 59. Ka3 Kg4 60. c4 1/2-1/2

[Event "K11"]
[Site "?"]
[Date "2025.08.01"]
[Round "9"]
[White "Tichy, Petr"]
[Black "Pokorny, Jan"]
[Result "1/2-1/2"]
[ECO "A05"]
[WhiteElo "1967"]
[BlackElo "1802"]
[Annotator ",martin-koller@seznam"]
[PlyCount "144"]
[TimeControl "240+2"]

{600MB, Fritz10.ctg} 1. Nf3 c5 2. b3 Nf6 3. Bb2 d5 4. g3 Bf5 5. Bg2 h6 6. O-O
e6 7. d4 Nc6 8. c4 Rc8 9. cxd5 exd5 10. Nc3 Nb4 11. Rc1 c4 12. Ne5 Bd6 13. bxc4
O-O 14. a3 Nc6 15. Nxd5 Nxd5 16. Bxd5 Ne7 17. Bg2 Bxe5 18. dxe5 Qb6 19. Bd4 Qa6
20. Qb3 Rc7 21. Qb5 Qg6 22. Bxa7 Bd7 23. Qb6 Rfc8 24. Qxg6 Nxg6 25. f4 b5 26.
Bb6 Rxc4 27. Rxc4 Rxc4 28. Rd1 Bg4 29. Rd8+ Kh7 30. Rd2 Rc3 31. Rd3 Rc2 32. Bf3
Be6 33. Ba5 Bc4 34. Rc3 Ra2 35. Kf2 Nf8 36. Be4+ Kg8 37. Bd3 Ne6 38. Bxc4 bxc4
39. Bb6 g6 40. Ke3 h5 41. Ba5 Ng7 42. Kf3 Nf5 43. e3 Rxh2 44. Rxc4 Rh3 45. Rc8+
Kh7 46. Be1 Rh1 47. Bf2 Ra1 48. Ra8 Nh6 49. e4 Ng4 50. Bd4 Nh2+ 51. Ke2 Ra2+
52. Kd3 Nf3 53. Kc3 Nxd4 54. Kxd4 Rg2 55. e6 fxe6 56. Ke5 Rxg3 57. Ra7+ Kh6 58.
a4 h4 59. Rb7 Ra3 60. Rb8 Kg7 61. Kxe6 Rxa4 62. Ke5 Ra5+ 63. Kd4 Ra4+ 64. Ke3
Ra3+ 65. Kf2 h3 66. Rb1 Kf6 67. Kg1 Ra4 68. Re1 g5 69. e5+ Kf5 70. e6 Ra8 71.
fxg5 Kxg5 72. Kh2 Kf6 1/2-1/2

[Event "K12"]
[Site "?"]
[Date "2025.08.01"]
[Round "9"]
[White "Svoboda, Daniel"]
[Black "Algars, Olle"]
[Result "1/2-1/2"]
[ECO "B22"]
[WhiteElo "1941"]
[BlackElo "1870"]
[Annotator ",martin-koller@seznam"]
[PlyCount "44"]
[TimeControl "240+2"]

{600MB, Fritz10.ctg} 1. e4 c5 2. c3 Nf6 3. e5 Nd5 4. d4 cxd4 5. cxd4 d6 6. Nf3
e6 7. Bc4 Nb6 8. Bb5+ Bd7 9. Bxd7+ Qxd7 10. O-O Nc6 11. Nc3 d5 12. b3 Bb4 13.
Bb2 a6 14. Rc1 Rc8 15. Qd3 Be7 16. Ne1 O-O 17. Nc2 f5 18. exf6 Rxf6 19. Ne2
Rcf8 20. Ne3 Bd6 21. Rcd1 Qf7 22. f3 Qc7 1/2-1/2

[Event "K12"]
[Site "?"]
[Date "2025.08.01"]
[Round "9"]
[White "Korenek, Frantisek"]
[Black "Rull, Michael"]
[Result "1-0"]
[ECO "B31"]
[WhiteElo "1968"]
[BlackElo "1846"]
[Annotator ",martin-koller@seznam"]
[PlyCount "61"]
[TimeControl "240+2"]

{600MB, Fritz10.ctg} 1. e4 c5 2. Nf3 Nc6 3. Bb5 g6 4. O-O Bg7 5. Re1 Nd4 6.
Nxd4 cxd4 7. c3 e6 8. a4 Ne7 9. Na3 O-O 10. Nc2 d5 11. Nxd4 e5 12. Nc2 dxe4 13.
Rxe4 b6 14. Re1 Bb7 15. d4 exd4 16. Nxd4 Bxd4 17. Qxd4 Qxd4 18. cxd4 Nf5 19.
Be3 Rfd8 20. Red1 Rd6 21. Rd2 Rad8 22. Rad1 Bd5 23. Bg5 Bb3 24. Bxd8 Bxd1 25.
Rxd1 Rxd8 26. d5 Kg7 27. Kf1 Kf6 28. g4 Nd6 29. Bd3 Ke5 30. Ke2 Ne4 31. f4+ 1-0

[Event "K12"]
[Site "?"]
[Date "2025.08.01"]
[Round "9"]
[White "Suchy, Ladislav"]
[Black "Feierfeil, Jiri"]
[Result "1-0"]
[ECO "B85"]
[WhiteElo "1852"]
[BlackElo "1738"]
[Annotator ",martin-koller@seznam"]
[PlyCount "59"]
[TimeControl "240+2"]

{600MB, Fritz10.ctg} 1. e4 c5 2. Nf3 d6 3. d4 cxd4 4. Nxd4 Nf6 5. Nc3 a6 6. Be2
e6 7. O-O Be7 8. Be3 O-O 9. f4 Nc6 10. Bf3 Qc7 11. Qe2 Bd7 12. Rad1 Rac8 13. g4
Nxd4 14. Bxd4 Bc6 15. g5 Nd7 16. Be3 f5 17. exf5 Bxf3 18. Qxf3 Rxf5 19. Qe4 Nc5
20. Bxc5 Qxc5+ 21. Rd4 Rf7 22. Kg2 b5 23. Qxe6 Rcf8 24. Re4 Kh8 25. h4 Bd8 26.
Qxf7 Rg8 27. Kg3 Qc6 28. Rfe1 Bxg5 29. hxg5 Qc4 30. Rxc4 1-0

[Event "K12"]
[Site "?"]
[Date "2025.08.01"]
[Round "9"]
[White "Schoenmakers, Nico"]
[Black "Hentzgen, Thomas"]
[Result "1-0"]
[ECO "B33"]
[WhiteElo "1856"]
[BlackElo "1930"]
[Annotator ",martin-koller@seznam"]
[PlyCount "95"]
[TimeControl "240+2"]

{600MB, Fritz10.ctg} 1. e4 c5 2. Nf3 Nc6 3. d4 cxd4 4. Nxd4 Nf6 5. Nc3 e5 6.
Ndb5 d6 7. Bg5 a6 8. Na3 b5 9. Bxf6 gxf6 10. Nd5 Bg7 11. c3 f5 12. exf5 Bxf5
13. Qf3 Bd7 14. Nc2 O-O 15. Qg3 f5 16. h4 Be6 17. Rd1 Ne7 18. Nxe7+ Qxe7 19.
Nb4 Kh8 20. h5 a5 21. Nd5 Qb7 22. h6 Bf6 23. Nxf6 Rxf6 24. Rxd6 Qe4+ 25. Be2
Rg8 26. Qf3 Qb1+ 27. Rd1 Qxb2 28. Rd2 Qb1+ 29. Rd1 Qxa2 30. Qe3 Bc4 31. Rd2
Qb1+ 32. Rd1 Qe4 33. Qxe4 fxe4 34. Bxc4 bxc4 35. Rh5 Rxg2 36. Rd8+ Rg8 37. Rd5
e3 38. fxe3 Rg1+ 39. Ke2 Rg2+ 40. Ke1 Kg8 41. Rxa5 Rb6 42. Kf1 Rc2 43. Ra1 Rf6+
44. Kg1 Rff2 45. Rg5+ Kf7 46. Ra6 Ke8 47. Rg8+ Rf8 48. Ra8+ 1-0

[Event "M21"]
[Site "?"]
[Date "2025.08.03"]
[Round "1"]
[White "Staufenberger, Bernd"]
[Black "Koller, Martin"]
[Result "1/2-1/2"]
[ECO "B07"]
[WhiteElo "1993"]
[BlackElo "1927"]
[Annotator ",martin-koller@seznam"]
[PlyCount "91"]
[TimeControl "240+2"]

{600MB, Fritz10.ctg} 1. e4 d6 2. d4 Nf6 3. Nc3 e5 4. dxe5 dxe5 5. Qxd8+ Kxd8 6.
Nf3 Bd6 7. Bg5 a6 8. O-O-O Nbd7 9. Bc4 Ke8 10. Rhe1 b6 11. Nd5 Bb7 12. h3 Nxd5
13. Bxd5 Bxd5 14. exd5 f6 15. Bd2 Kf7 16. Kb1 Rhd8 17. c4 b5 18. b3 bxc4 19.
bxc4 Rab8+ 20. Kc2 Bc5 21. Be3 Rb4 22. Nd2 Rdb8 23. Rb1 Rxb1 24. Rxb1 Rxb1 25.
Nxb1 f5 26. Nd2 Bxe3 27. fxe3 Ke7 28. Kc3 Nc5 29. Nf3 Ne4+ 30. Kb4 Kd6 31. a4
g5 32. Ka5 g4 33. Nh4 gxh3 34. gxh3 f4 35. exf4 exf4 36. Kxa6 Kc5 37. Kb7 Kxc4
38. Kxc7 Kxd5 39. Kd7 Nc5+ 40. Ke7 Nxa4 41. Kf6 Nc5 42. Kg7 Ne6+ 43. Kxh7 Ng5+
44. Kg6 Nxh3 45. Kf5 Kd4 46. Kg4 1/2-1/2

[Event "M21"]
[Site "?"]
[Date "2025.08.03"]
[Round "1"]
[White "Gunther, Andreas"]
[Black "Novak, Jindrich"]
[Result "1-0"]
[ECO "A01"]
[WhiteElo "2087"]
[BlackElo "2011"]
[Annotator ",martin-koller@seznam"]
[PlyCount "61"]
[TimeControl "240+2"]

{600MB, Fritz10.ctg} 1. b3 g6 2. Bb2 Nf6 3. e4 d6 4. g3 Bg7 5. Bg2 O-O 6. Ne2
Nc6 7. O-O e5 8. d4 Nd7 9. d5 Ne7 10. c4 b6 11. Nbc3 a5 12. Nc1 Nc5 13. Nd3 f5
14. Nxc5 bxc5 15. f3 Bd7 16. Nb5 Bxb5 17. cxb5 a4 18. bxa4 fxe4 19. fxe4 Bh6
20. Bc1 Rxf1+ 21. Bxf1 Qf8 22. Bh3 Bxc1 23. Rxc1 Qf6 24. Qd2 g5 25. Rf1 Qh6 26.
Be6+ Kh8 27. a5 Qg6 28. Qf2 Rxa5 29. Qf8+ Ng8 30. Bxg8 Qg7 31. Qd8 1-0

[Event "M21"]
[Site "?"]
[Date "2025.08.03"]
[Round "1"]
[White "Houska, Jiri"]
[Black "Rehak, 1943."]
[Result "1-0"]
[ECO "E10"]
[WhiteElo "2151"]
[BlackElo "1943"]
[Annotator ",martin-koller@seznam"]
[PlyCount "33"]
[TimeControl "240+2"]

{600MB, Fritz10.ctg} 1. d4 Nf6 2. Nf3 c5 3. d5 e6 4. c4 b5 5. dxe6 fxe6 6. cxb5
d5 7. g3 Bd6 8. Bg2 Qa5+ 9. Nc3 Ne4 10. O-O Nxc3 11. bxc3 O-O 12. e4 Bb7 13.
Ng5 Qxc3 14. Rb1 d4 15. Qh5 h6 16. Nxe6 Rc8 17. Bxh6 1-0